 Dungeon Crawl Stone Soup version 0.18.1-47-g9310371 (webtiles) character file.

21 juanjsm the Insei (level 2, 0/18 HPs)
             Began as an Octopode Transmuter on June 21, 2016.
             Slain by a kobold
             ... wielding a +0 short sword
              (6 damage)
             ... on level 1 of the Dungeon.
             The game lasted 00:01:40 (409 turns).

juanjsm the Insei (Octopode Transmuter)              Turns: 409, Time: 00:01:41

Health: 0/18       AC:  1    Str:  9    XL:     2   Next: 87%
Magic:  4/5        EV: 12    Int: 15    God:
Gold:   95         SH:  0    Dex: 12    Spells: 1 memorised, 4 levels left

rFire  . . .     SeeInvis .       - Unarmed
rCold  . . .     Gourm    .     (no shield)
rNeg   . . .     Faith    .     (helmet restricted)
rPois  .         Spirit   .     (no amulet)
rElec  .         Dismiss  .     (no ring)
rCorr  .         Reflect  .     (no ring)
SustAt .         Harm     .     (no ring)
MR     .....                    (no ring)
Stlth  ++........               (no ring)
                                (no ring)
                                (no ring)
                                (no ring)

@: appendage, not resistant to hostile enchantments, unstealthy
A: almost no armour, amphibious, 8 rings, constrict 8, tentacle spike 3,
camouflage 1, gelatinous body 1
a: End Transformation


You were on level 1 of the Dungeon.
You were not hungry.
One of your tentacles had a temporary spike.
You visited 1 branch of the dungeon, and saw 2 of its levels.

You collected 95 gold pieces.

Inventory:

Hand Weapons
 h - a +0 hunting sling
Missiles
 a - 12 arrows
 j - 17 poisoned needles
Scrolls
 f - a scroll of identify {unknown}
Potions
 d - a potion of degeneration {unknown}
 e - a potion of heal wounds {unknown}
Books
 b - a book of Changes

   Spells                             Type                      Level
   a - Beastly Appendage              Transmutation                1
   b - Sticks to Snakes               Transmutation                2
   c - Spider Form                    Transmutation/Poison         3
   d - Ice Form                       Ice/Transmutation            4
   e - Blade Hands                    Transmutation                5
Comestibles
 c - a bread ration
 g - 6 chunks of flesh
 i - a fruit


   Skills:
 + Level 1.1 Fighting
 + Level 2.1 Dodging
 + Level 0.4 Stealth
 * Level 3.4 Unarmed Combat
 + Level 2.1 Spellcasting
 + Level 2.3 Transmutations


You had 4 spell levels left.
You knew the following spells:

 Your Spells              Type           Power        Failure   Level  Hunger
a - Beastly Appendage     Trmt           #.....       12%         1    #......


Dungeon Overview and Level Annotations

Branches:
Dungeon (2/15)

Altars:


Innate Abilities, Weirdness & Mutations

You cannot wear most types of armour.
You are amphibious.
You can wear up to eight rings at the same time.
You can use your tentacles to constrict eight enemies at once.
Your skin changes colour to match your surroundings (Stealth).
Your rubbery body absorbs attacks (AC +1).
One of your tentacles bears a large vicious spike.


Message History

Your squeeze misses the kobold.
The kobold is moderately wounded.
The kobold closely misses you.
You miss the kobold. You grab the kobold.
You squeeze the kobold, but do no damage.
The kobold is moderately wounded.
You constrict the kobold, but do no damage.
The kobold hits you.
You tentacle-slap the kobold. You squeeze the kobold.
You kill the kobold!
The kobold barely misses you.
You see here a kobold corpse.
You barely miss the kobold. Your grab misses the kobold.
The kobold hits you with a short sword.
You tentacle-slap the kobold but do no damage.
Your grab misses the kobold.
You pierce the kobold, but do no damage.
You completely miss the kobold. Your grab misses the kobold.
Your tentacle spike misses the kobold.
The kobold hits you with a short sword.
You die...

#.# #.# #.# #.# ###.#
#...########
###.#######.#.....>..#
....$.K@.....>.......#
....#######.#.........
#.. #
####....##.......#
#..#
#.......##########
#.^# #......)# #..#
#.....#.# #..#
#.....#.# #..#
######....#.# #
#..###...........#


You could see a kobold.

Vanquished Creatures
  A worm (D:2)
  A giant gecko (D:1)
  2 giant cockroaches (D:1)
  4 goblins (D:1)
  2 hobgoblins (D:1)
  A giant newt (D:1)
  3 kobolds (D:1)
  4 rats (D:1)
18 creatures vanquished.

Notes
Turn   | Place    | Note
--------------------------------------------------------------
     0 | D:1      | juanjsm the Octopode Transmuter began the quest for the Orb.
     0 | D:1      | Reached XP level 1. HP: 13/13 MP: 3/3
   163 | D:2      | Reached XP level 2. HP: 18/18 MP: 3/5
   409 | D:1      | Slain by a kobold

Action                   || total
-------------------------++-------
Melee: Unarmed           ||    43
       Constrict         ||    10
       Kick              ||     7
       Tentacles         ||     6
       Punch             ||     2
 Cast: Beastly Appendage ||     8
 Stab: Sleeping          ||     4
Armor: Skin              ||     3
Dodge: Dodged            ||    15
